 Dungeon Crawl Stone Soup version 0.29-a0-997-gf6f7e2dfe7 (webtiles) character file.

Game seed: 325181389713063647

12157 lembark the Destroyer (level 11, -3/80 HPs)
             Began as a Demonspawn Conjurer on Aug 3, 2022.
             Was a Priest of Sif Muna.
             Killed from afar by a gargoyle (27 damage)
             ... with a stone arrow
             ... on level 10 of the Dungeon on Aug 5, 2022.
             The game lasted 00:34:35 (14694 turns).

lembark the Destroyer (Demonspawn Conjurer)        Turns: 14694, Time: 00:34:35

Health: -3/80      AC:  5    Str:  8    XL:     11   Next: 58%
Magic:  15/23      EV: 26    Int: 29    God:    Sif Muna [***...]
Gold:   549        SH:  6    Dex: 12    Spells: 9/26 levels left

rFire   . . .      SeeInvis .   a - staff of poison
rCold   . . .      Faith    .   (no shield)
rNeg    . . .      Spirit   .   D - +0 troll leather armour
rPois   +          Reflect  .   (no helmet)
rElec   .          Harm     .   g - +0 cloak
rCorr   .          Rampage  .   (no gloves)
Will    .....                   (no boots)
Stlth   +++.......              w - amulet of the acrobat
HPRegen 1.03/turn               l - +6 ring of intelligence
MPRegen 0.18/turn               A - ring of wizardry

@: acrobatic, very slightly contaminated
A: large bone plates 2, powered by death 1, powered by pain 2, demonic touch 1
a: Renounce Religion, Channel Magic, Forget Spell


You were on level 10 of the Dungeon.
You worshipped Sif Muna.
Sif Muna was most pleased with you.
You visited 2 branches of the dungeon, and saw 11 of its levels.

You collected 637 gold pieces.
You spent 88 gold pieces at shops.

Inventory:

Hand Weapons
 b - a +1 dagger of chaos
Armour
 g - a +0 cloak (worn)
 D - a +0 troll leather armour (worn)
Magical Staves
 a - a staff of poison (weapon)
Jewellery
 d - a ring of flight
 l - a +6 ring of intelligence (left hand)
 w - an amulet of the acrobat (around neck)
 A - a ring of wizardry (right hand)
Wands
 c - a wand of digging (7)
 p - a wand of iceblast (11)
 z - a wand of flame (18)
Scrolls
 i - 2 scrolls of fear
 k - a scroll of blinking
 q - 6 scrolls of teleportation
 r - 3 scrolls of amnesia
 t - a scroll of poison
 u - 4 scrolls of identify
 y - a scroll of vulnerability
 C - a scroll of immolation
Potions
 e - 6 potions of heal wounds
 f - 3 potions of attraction
 h - a potion of might
 j - 2 potions of haste
 m - a potion of lignification
 n - 2 potions of resistance
 o - 2 potions of cancellation
 s - 3 potions of mutation
 v - 2 potions of flight
 x - 4 potions of curing
 B - a potion of magic


   Skills:
 * Level 5.4 Fighting
 * Level 4.8 Staves
 * Level 2.4 Armour
 - Level 1.7 Dodging
 * Level 5.8 Stealth
 * Level 8.2 Spellcasting
 * Level 9.1 Conjurations
 * Level 4.5 Translocations
 * Level 5.0 Poison Magic
 * Level 6.5 Invocations
 * Level 5.0 Evocations


You had 9 spell levels left.
You knew the following spells:

 Your Spells              Type           Power      Damage    Failure   Level
a - Magic Dart            Conj           100%       1d8       1%          1
b - Iskenderun's Mystic   Conj/Tloc      51%        2d11      1%          4
e - Flame Wave            Conj/Fire      38%        2d10      4%          4
i - Inner Flame           Hex/Fire       11%        N/A       8%          3
p - Ignite Poison         Fire/Tmut/Pois 32%        N/A       4%          3
r - Searing Ray           Conj           100%       2d8       1%          2

Your spell library contained the following spells:

 Spells                   Type           Power      Damage    Failure   Level
 Foxfire                  Conj/Fire      100%       2x1d9     1%          1
 Conjure Flame            Conj/Fire      38%        6-21      1%          3
 Dazzling Flash           Conj/Hex       76%        N/A       1%          3
 Ensorcelled Hibernation  Hex/Ice        22%        N/A       4%          2
 Passwall                 Tmut/Erth      9%         N/A       4%          2
 Fulminant Prism          Conj/Hex       19%        3d11      4%          4
 Sticky Flame             Conj/Fire      38%        2d6       4%          4
 Frozen Ramparts          Ice            22%        1d10      8%          3
 Swiftness                Air            11%        N/A       8%          3
 Cause Fear               Hex            5%         N/A       26%         4
 Ice Form                 Ice/Tmut       11%        N/A       26%         4
 Summon Ice Beast         Ice/Summ       11%        N/A       26%         4
 Dragon Form              Tmut           5%         N/A       100%        7
 Dragon's Call            Summ           5%         N/A       100%        9


Dungeon Overview and Level Annotations

Branches:
Dungeon (10/15)            Temple (1/1) D:5            Lair (0/5) D:9
    Orc (0/2) D:10

Altars:
Ashenzari
Cheibriados
Dithmenos
Gozag
Hepliaklqana
Kikubaaqudgha
Makhleb
Nemelex Xobeh
Okawaru
Qazlal
Ru
Sif Muna
Trog
Uskayaw
Vehumet
Xom
Yredelemnul

Shops:
D:4 [   D:7 !   D:9 *


Innate Abilities, Weirdness & Mutations

You are mostly covered in large bone plates. (SH +6)
You regenerate a little health from kills.
You sometimes gain power by taking damage.
Your touch may inflict minor irresistible damage on your foes.


Message History

Casting: Iskenderun's Mystic Blast (dangerous; 1% risk of failure)
Confirm with . or Enter, or press ? or * to list all spells.
Aiming: Searing Ray (safe; 1% risk of failure)
Press: ? - help, Shift-Dir - straight line, f/p - gargoyle
Aim: a gargoyle, wielding a +0 flail (severely damaged, 92% to hit)
The searing ray hits the gargoyle but does no damage.
The gargoyle is severely damaged. (Press . to maintain the ray.)
The gargoyle hurls a stone arrow at you.
The stone arrow hits you!!
* * * LOW HITPOINT WARNING * * *
You focus on the pain.
You feel your power returning.
The searing ray hits the gargoyle but does no damage.
The gargoyle is severely damaged.
The searing ray hits the gargoyle.
The gargoyle is almost destroyed.
You feel less invigorated.
The gargoyle hurls a stone arrow at you.
The stone arrow misses you.
The searing ray misses the gargoyle.
You finish channelling your searing ray.
Casting: Searing Ray (safe; 1% risk of failure)
Confirm with . or Enter, or press ? or * to list all spells.
You erupt in a blast of force!
The mystic blast hits the gargoyle.
The gargoyle is almost destroyed.
The gargoyle is knocked back by the mystic blast.
Casting: Iskenderun's Mystic Blast (dangerous; 1% risk of failure)
Confirm with . or Enter, or press ? or * to list all spells.
Aiming: Searing Ray (safe; 1% risk of failure)
Press: ? - help, Shift-Dir - straight line, f/p - gargoyle
Aim: a gargoyle, wielding a +0 flail (almost destroyed, 92% to hit)
The searing ray misses the gargoyle. (Press . to maintain the ray.)
The searing ray hits the gargoyle but does no damage.
The gargoyle is almost destroyed.
The searing ray hits the gargoyle but does no damage.
The gargoyle is almost destroyed.
The gargoyle hurls a stone arrow at you.
The stone arrow hits you!!
You die...

#######.#.#.#
#.## #.#.#.#
#.#
#.#.#.###.####
##'#...........
#......####.###
#..............
#......####.###
#......####.#
#.....@.....#
##'###.######
#. #9# # #.#
#.# #.# #.# #.#


You could see a gargoyle.

Vanquished Creatures
  Harold (D:9)
  A two-headed ogre (D:9)
  Pikel (D:5)
  A centaur zombie (D:10)
  Psyche (D:9)
  2 komodo dragons
  The ghost of JakeJacob the Slasher, an amateur DrBe of Trog (D:5)
  3 trolls
  A vampire (D:10)
  2 shadows (D:10)
  3 wyverns
  A wraith (D:10)
  6 yaks
  3 basilisks (D:9)
  2 steam dragons
  Edmund (D:6)
  2 water moccasins
  Duvessa (D:7)
  13 orc warriors
  2 sky beasts
  A black bear (D:7)
  2 ice beasts (D:6)
  7 ogres
  3 centaurs
  A phantom (D:5)
  3 lemures (D:5)
  4 kobold brigands
  9 bullfrogs
  2 gnoll sergeants (D:10)
  5 scorpions
  Dowan (D:7)
  8 killer bees
  5 howler monkeys
  4 hounds
  A jelly (D:6)
  2 bullfrog skeletons (D:5)
  8 orc priests
  4 gnoll boudas
  Jessica (D:3)
  2 iguanas
  7 orc wizards
  A howler monkey zombie (D:5)
  25 gnolls
  8 adders
  2 white imps (D:6)
  2 ufetubi
  A worm (D:3)
  33 orcs
  6 ball pythons
  4 bats
  9 endoplasms
  2 giant cockroaches
  3 goblins
  A hobgoblin (D:1)
  3 jackals (D:4)
  2 quokkas
  2 frilled lizards
  18 kobolds
  4 rats
  A spectral orc (D:7)
255 creatures vanquished.

Vanquished Creatures (others)
  12 fungi (D:9)
  2 withered plants (D:10)
14 creatures vanquished.

Grand Total: 269 creatures vanquished

Notes
Turn   | Place    | Note
-------+----------+-------------------------------------------
     0 | D:1      | lembark the Demonspawn Conjurer began the quest for the
                  | Orb.
     0 | D:1      | Reached XP level 1. HP: 13/13 MP: 3/3
     0 | D:1      | Upgraded the game from 0.29-a0-994-gc5c9f59d18 to
                  | 0.29-a0-997-gf6f7e2dfe7
   460 | D:1      | Gained mutation: You are partially covered in large bone
                  | plates. (SH +4) [demonic ancestry]
   460 | D:1      | Reached XP level 2. HP: 19/19 MP: 0/5
   752 | D:2      | Learned a level 2 spell: Searing Ray
  1438 | D:2      | Gained mutation: You sometimes gain a little power by
                  | taking damage. [demonic ancestry]
  1438 | D:2      | Reached XP level 3. HP: 17/25 MP: 3/6
  1951 | D:3      | HP: 1/25 [worm (10)]
  2560 | D:3      | Gained mutation: You sometimes gain power by taking damage.
                  | [demonic ancestry]
  2560 | D:3      | Reached XP level 4. HP: 31/31 MP: 3/7
  2578 | D:3      | Reached skill level 1 in Fighting
  3333 | D:3      | Reached skill level 5 in Conjurations
  3338 | D:3      | Learned a level 4 spell: Iskenderun's Mystic Blast
  3514 | D:3      | Noticed Jessica
  3519 | D:3      | Killed Jessica
  3991 | D:4      | Reached skill level 1 in Evocations
  4103 | D:4      | Found Oweyfol's Armour Shoppe.
  4116 | D:4      | Found an ancient bone altar of Kikubaaqudgha.
  4124 | D:4      | Gained mutation: You regenerate a little health from kills.
                  | [demonic ancestry]
  4124 | D:4      | Reached XP level 5. HP: 37/37 MP: 2/8
  4419 | D:4      | Reached skill level 1 in Staves
  4419 | D:4      | Reached skill level 1 in Poison Magic
  5163 | D:5      | Entered Level 5 of the Dungeon
  5168 | D:5      | Reached XP level 6. HP: 43/43 MP: 5/10
  5413 | D:5      | Found a runed translucent gate.
  5413 | D:5      | Found a runed translucent gate.
  5413 | D:5      | Found a runed translucent gate.
  5417 | D:5      | Noticed JakeJacob's ghost (amateur DrBe)
  5777 | D:5      | Found a staircase to the Ecumenical Temple.
  5786 | Temple   | Entered the Ecumenical Temple
  5786 | Temple   | Found a transporter.
  5786 | Temple   | Found a transporter.
  5788 | Temple   | Found a transporter.
  5788 | Temple   | Found a transporter.
  5811 | Temple   | Became a worshipper of Sif Muna the Loreminder
  6066 | D:5      | Noticed Pikel
  6087 | D:5      | Killed Pikel
  6088 | D:5      | Reached skill level 6 in Conjurations
  6088 | D:5      | Reached skill level 1 in Translocations
  6088 | D:5      | Reached skill level 1 in Invocations
  6088 | D:5      | Gained mutation: You are mostly covered in large bone
                  | plates. (SH +6) [demonic ancestry]
  6088 | D:5      | Reached XP level 7. HP: 9/50 MP: 9/13
  6910 | D:5      | Reached XP level 8. HP: 46/57 MP: 5/14
  6914 | D:5      | Killed JakeJacob's ghost
  7569 | D:6      | Reached skill level 5 in Spellcasting
  7571 | D:6      | Reached * piety under Sif Muna
  7832 | D:6      | Noticed Edmund
  7854 | D:6      | Killed Edmund
  7855 | D:6      | Reached XP level 9. HP: 15/64 MP: 2/16
  8493 | D:6      | Reached skill level 7 in Conjurations
  8783 | D:6      | Learned a level 3 spell: Inner Flame
  9175 | D:7      | Found Boxuq's Distillery.
  9182 | D:7      | Bought a potion of curing for 33 gold pieces
  9182 | D:7      | Bought a potion of heal wounds for 55 gold pieces
  9622 | D:7      | Found a basalt altar of Yredelemnul.
  9721 | D:7      | Learned a level 4 spell: Flame Wave
 10042 | D:7      | Noticed Duvessa
 10051 | D:7      | Noticed Dowan
 10052 | D:7      | Killed Duvessa
 10068 | D:7      | Killed Dowan
 10965 | D:8      | Learned a level 3 spell: Ignite Poison
 11067 | D:8      | Found a radiant altar of Vehumet.
 11355 | D:9      | Reached ** piety under Sif Muna
 11356 | D:9      | Reached XP level 10. HP: 67/71 MP: 6/19
 11487 | D:9      | Noticed Harold
 11491 | D:9      | Reached skill level 8 in Conjurations
 11505 | D:9      | Killed Harold
 11506 | D:9      | Reached skill level 5 in Invocations
 11511 | D:9      | Reached skill level 5 in Stealth
 12023 | D:9      | Found an opulent altar of Gozag.
 12290 | D:9      | Found Uhuitoje's Assorted Antiques.
 12290 | D:9      | Noticed a two-headed ogre
 12299 | D:9      | Killed a two-headed ogre
 12300 | D:9      | Reached skill level 1 in Armour
 12304 | D:9      | Noticed Psyche
 12311 | D:9      | Killed Psyche
 12572 | D:9      | Found a stormy altar of Qazlal.
 12951 | D:9      | Gained mutation: Your touch may inflict minor irresistible
                  | damage on your foes. [demonic ancestry]
 12951 | D:9      | Reached XP level 11. HP: 78/78 MP: 7/22
 12963 | D:9      | Reached skill level 5 in Fighting
 13373 | D:9      | Found a staircase to the Lair.
 13444 | D:10     | Entered Level 10 of the Dungeon
 13686 | D:10     | Found a staircase to the Orcish Mines.
 13830 | D:10     | Reached *** piety under Sif Muna
 14124 | D:10     | Found a hide-covered altar of Uskayaw.
 14230 | D:10     | Reached skill level 9 in Conjurations
 14283 | D:10     | Reached skill level 5 in Poison Magic
 14396 | D:10     | Reached skill level 5 in Evocations
 14694 | D:10     | Killed from afar by a gargoyle

Illustrated notes

Levels and vault maps discovered:
D:1:      mrwooster_arrival_statue_3, layout_rooms
D:2:      layout_loops_ring, nicolae_titane
D:3:      layout_basic, nicolae_overflow_hidden_temple, minmay_box_of_dots,
          uniq_jessica
D:4:      layout_cave_pods, old_standard_altar, serial_shops, shop
D:5:      layout_loops_cross, minmay_temple_entry_steel_oval,
          gammafunk_ghost_necromancy, uniq_pikel
D:6:      layout_loops_cross, roderic_lattice_a, uniq_edmund
D:7:      layout_rooms, yredelemnul_forgotten_temple_becter, serial_shops,
          nicolae_diamond_shop, minmay_diced_spiral, uniq_duvessa
D:8:      layout_rooms, mainiacjoe_overflow_six_doors_small
D:9:      layout_roguey [special_room_orc], mainiacjoe_overflow_chevrons,
          grunt_gozag_statues, erik_lair_dragon, kennysheep_windowed_goal,
          uniq_psyche, uniq_harold
D:10:     layout_basic, nicolae_uskayaw_dance_studio,
          kennysheep_orc_monster_closet_entryway, serial_undead,
          serial_undead_c, serial_undead_c, serial_undead_d, serial_undead_d
Temple:   hellmonk_temple_divided_pantheon

Skill      XL: |  1  2  3  4  5  6  7  8  9 10 11 |
---------------+----------------------------------+-----
Stealth        | 2 3 4 5 |  5.8
Fighting       | 1 2 3 4 5 |  5.4
Conjurations   | 5 6 7 8 9 |  9.1
Evocations     | 1 2 3 4 5 |  5.0
Staves         | 1 2 3 4 |  4.8
Poison Magic   | 1 2 3 4 5 |  5.0
Spellcasting   | 3 4 5 6 7 8 |  8.2
Translocations | 1 2 3 4 |  4.5
Invocations    | 1 2 3 4 6 |  6.5
Armour         | 1 2 |  2.4
Dodging        | |  1.7

Action                   |  1- 3 |  4- 6 |  7- 9 | 10-12 || total
-------------------------+-------+-------+-------+-------++-------
Melee: Dagger            |    26 |       |       |       ||    26
       Unarmed           |     3 |       |       |       ||     3
       Staff             |    33 |    13 |    57 |    25 ||   128
       Punch             |     1 |       |       |       ||     1
       Touch             |       |       |       |     2 ||     2
 Cast: Magic Dart        |    36 |    23 |     6 |    21 ||    86
       Searing Ray       |     5 |    21 |    48 |    51 ||   125
       Iskenderun's Myst |       |     6 |    20 |    61 ||    87
       Inner Flame       |       |       |     1 |     1 ||     2
       Ignite Poison     |       |       |       |     1 ||     1
Invok: Channel Magic     |       |       |     1 |     9 ||    10
  Use: Scroll            |     3 |     8 |    10 |     1 ||    22
       Potion            |       |     6 |     6 |     3 ||    15
 Stab: Sleeping          |     1 |       |     1 |       ||     2
Armor: Robe              |    20 |     4 |    11 |       ||    35
       Steam dragon scal |       |       |     6 |     1 ||     7
       Troll leather arm |       |       |       |    17 ||    17
Dodge: Dodged            |    49 |    29 |   132 |    91 ||   301
Block: Other             |    12 |     8 |    30 |    33 ||    83

Table legend: (Time is in decaauts)
 A = Elapsed time spent in this place.
 B = Non-inter-level travel time spent in this place.
 C = Inter-level travel time spent in this place.
 D = Time resting spent in this place.
 E = Time spent auto-exploring this place.
 F = Levels seen in this place.
 G = Mean time per level.
                   A        B        C        D        E       F      G
               +--------+--------+--------+--------+--------+-----+--------+
         Total |  14707 |  14453 |    254 |   7237 |   5109 |  11 | 1337.0 |
       Dungeon |  14608 |  14354 |    254 |   7237 |   5103 |  10 | 1460.8 |
        Temple |     98 |     98 |      0 |      0 |      6 |   1 |   98.0 |
               +--------+--------+--------+--------+--------+-----+--------+

Top non-repeatable levels by time:
     D:9: 2189 daAuts
     D:5: 1768 daAuts
     D:2: 1719 daAuts
     D:6: 1703 daAuts
     D:3: 1491 daAuts
     D:7: 1450 daAuts
     D:4: 1368 daAuts
    D:10: 1249 daAuts
     D:8: 933 daAuts
     D:1: 732 daAuts
  Temple: 98 daAuts
